 Dungeon Crawl Stone Soup version 0.30.0-19-g36f170ea60 (webtiles) character file.

Game seed: 15291538926968476166

116 Revguard the Trooper (level 4, -1/35 HPs)
             Began as a Demonspawn Fighter on June 1, 2023.
             Slain by a gnoll
             ... wielding a +0 spear
              (7 damage)
             ... on level 3 of the Dungeon.
             The game lasted 00:05:44 (1460 turns).

Revguard the Trooper (Demonspawn Fighter)           Turns: 1460, Time: 00:05:45

Health: -1/35      AC:  6    Str: 21    XL:     4   Next: 70%
Magic:  5/5        EV:  7    Int: 12    God:
Gold:   54         SH: 12    Dex: 11    Spells: 3/3 levels left

rFire   . . .        a - +0 war axe
rCold   + . .        i - +0 tower shield
rNeg    . . .        b - +0 scale mail
rPois   .            (helmet restricted)
rElec   .            (no cloak)
rCorr   .            (no gloves)
SInv    .            (no boots)
Will    .....        (no amulet) Stlth
                     (no ring)
HPRegen 0.25/turn    (no ring)
MPRegen 0.18/turn

%: no passive effects
@: no status effects
A: horns 2, magic regeneration, clever 1, cold resistance 1, strong 1
a: no special abilities


You were on level 3 of the Dungeon.
You visited 1 branch of the dungeon, and saw 3 of its levels.

You collected 54 gold pieces.

Inventory:

Hand Weapons
 a - a +0 war axe (weapon)
 l - a +4 mace
Armour
 b - a +0 scale mail (worn)
 c - a +0 buckler
 i - a +0 tower shield (worn)
Wands
 m - a wand of digging (3)
Scrolls
 e - a scroll of fear {unknown}
 f - a scroll of noise {unknown}
 h - a scroll of blinking {unknown}
 j - a scroll of teleportation {unknown}
Potions
 d - 3 potions of might
 g - a potion of heal wounds
 k - a potion of curing


   Skills:
 + Level 3.4 Fighting
 * Level 2.7 Axes
 + Level 3.0 Armour
 + Level 1.0 Dodging
 * Level 3.1 Shields
 + Level 1.7 Invocations
 + Level 1.1 Evocations


You had 3 spell levels left.
You didn't know any spells.
Your spell library contained the following spells:

 Spells                   Type           Power      Damage    Failure   Level
 Magic Dart               Conj           0%         1d3       100%        1
 Blink                    Tloc           0%         N/A       100%        2
 Call Imp                 Summ           0%         N/A       100%        2
 Cigotuvi's Dreadful Rot  Necr/Pois/Air  0%         N/A       100%        2
 Lesser Beckoning         Tloc           0%         N/A       100%        2
 Momentum Strike          Conj/Tloc      0%         3d8       100%        2
 Mephitic Cloud           Conj/Pois/Air  0%         N/A       100%        3
 Dispel Undead            Necr           0%         3d6       100%        4
 Death Channel            Necr           0%         N/A       100%        6


Dungeon Overview and Level Annotations

Branches:
Dungeon (3/15)

Altars:


Innate Abilities, Weirdness & Mutations

You have a pair of horns on your head.
You regenerate magic rapidly.
Your mind is acute. (Int +4, Str/Dex -1)
Your flesh is cold resistant. (rC+)
Your muscles are strong. (Str +4, Int/Dex -1)


Message History

The gnoll is lightly wounded.
You slash the gnoll! You hit the rat.
You kill the rat!
The gnoll barely misses you. You block the gnoll's attack.
The gnoll barely misses you. The gnoll hits you but does no damage.
You slash the gnoll!
You kill the gnoll!
You hit the gnoll but do no damage. You hit the gnoll.
You closely miss the ball python. You block the ball python's attack.
The ball python barely misses you. The gnoll hits you with a +0 club.
The gnoll hits you from afar with a +0 spear.
You block the gnoll's attack. The ball python barely misses you.
The ball python grabs you. The ball python constricts you.
The gnoll hits you from afar with a +0 spear.
You block the gnoll's attack. The gnoll completely misses you.
You escape the ball python's grasp.
The gnoll hits you but does no damage.
You block the gnoll's attack. x2; You block the ball python's attack.
The ball python grabs you. The ball python constricts you.
You see here a +0 club.
You slash the gnoll!
The gnoll is severely wounded.
You closely miss the ball python. You hit the gnoll.
You closely miss the gnoll.
The ball python bites you but does no damage.
The ball python constricts you. The gnoll hits you with a +0 club.
The gnoll hits you with a +0 spear. The gnoll completely misses you.
The ball python bites you but does no damage.
The ball python constricts you.
You closely miss the gnoll.
You headbutt the gnoll, but do no damage.
The gnoll is severely wounded.
You slash the ball python!
You kill the ball python!
You barely miss the gnoll. You hit the gnoll. You block the gnoll's attack. x2
The gnoll hits you with a +0 spear!
* * * LOW HITPOINT WARNING * * *
The gnoll hits you with a +0 club.
* * * LOW HITPOINT WARNING * * *
The gnoll hits you with a +0 spear!
You die...

######. #. ....!..
#.### .......
#....###.......
#..............
#............
#......g..#
#.....g@g.# ######
#.....†...# #.# #.....
#.........# #.# #.....
#.........# #.# #.....
#.(.......# #.# #.....
#.........# #.# #.....
#######.### #.# #.....
#.## #.####.....
#####..#####..........


You could see 3 gnolls.

Vanquished Creatures
  A hound (D:3)
  Robin (D:2)
  A gnoll (D:3)
  A worm (D:2)
  4 ball pythons
  3 endoplasms
  2 giant cockroaches
  13 goblins
  11 hobgoblins
  3 jackals (D:1)
  4 kobolds
  A quokka (D:1)
  5 bats
  4 frilled lizards (D:2)
  4 rats
58 creatures vanquished.

Notes
Turn   | Place    | Note
-------+----------+-------------------------------------------
     0 | D:1      | Revguard the Demonspawn Fighter began the quest for the
                  | Orb.
     0 | D:1      | Reached XP level 1. HP: 18/18 MP: 1/1
   146 | D:1      | Gained mutation: You have a pair of small horns on your
                  | head. [demonic ancestry]
   146 | D:1      | Reached XP level 2. HP: 24/24 MP: 2/2
   389 | D:1      | Reached skill level 1 in Invocations
   499 | D:2      | Gained mutation: You regenerate magic rapidly. [demonic
                  | ancestry]
   499 | D:2      | Reached XP level 3. HP: 19/29 MP: 3/3
   902 | D:2      | Noticed Robin
   920 | D:2      | Gained mutation: Your flesh is cold resistant. (rC+)
                  | [potion of mutation]
   920 | D:2      | Gained mutation: Your mind is acute. (Int +4, Str/Dex -1)
                  | [potion of mutation]
   920 | D:2      | Gained mutation: You have a pair of horns on your head.
                  | [potion of mutation]
   920 | D:2      | Gained mutation: Your muscles are strong. (Str +4, Int/Dex
                  | -1) [potion of mutation]
   923 | D:2      | Killed Robin
   924 | D:2      | Mutation became permanent: You have a pair of small horns
                  | on your head. [demonic ancestry]
   924 | D:2      | Gained mutation: You have a pair of horns on your head.
                  | [demonic ancestry]
   924 | D:2      | Reached XP level 4. HP: 15/35 MP: 4/4
  1337 | D:3      | Reached skill level 1 in Dodging
  1337 | D:3      | Reached skill level 1 in Evocations
  1460 | D:3      | Slain by a gnoll

Illustrated notes

Levels and vault maps discovered:
D:1:      dpeg_arrival_arbitrary_a, layout_rooms
D:2:      layout_loops_ring, kennysheep_generic_room_12, uniq_robin
D:3:      layout_basic, minmay_circle_x

Skill      XL: |  1  2  3  4 |
---------------+-------------+-----
Axes           | 2 |  2.7
Invocations    | 1 |  1.7
Shields        | 3 |  3.1
Armour         | 3 |  3.0
Dodging        | 1 |  1.0
Evocations     | 1 |  1.1
Fighting       | |  3.4

Action                     |  1- 3 |  4- 6 || total
---------------------------+-------+-------++-------
  Melee: War axe           |   100 |    25 ||   125
         Headbutt          |    11 |     3 ||    14
    Use: Potion            |     2 |       ||     2
         Scroll            |       |     3 ||     3
 Armour: Scale mail        |    67 |    17 ||    84
  Dodge: Dodged            |    67 |    16 ||    83
  Block: Buckler           |    21 |       ||    21
         Tower shield      |    34 |    32 ||    66
